AoeStats
← 文風

Arena

505980069Analyzed
1v1 RM · 20d ago on Sep 11, 2026· 33m 54s· 2 players
Game mode
Random Map
Map size
Tiny (2 player)
Population
200
Speed
Normal
Resources
Standard
Victory
Conquest
Starting age
Dark Age
Ending age
Imperial Age
RankedLock teamsTeams togetherTeam positionsShared explorationLock speedFull tech treeHidden civsTurbo modeCheats
Victory
Defeat
🇭🇰 Turks · Hong Kong SAR China
1424
+18
🇦🇷 Teutons · Argentina
1461
-18
文風
11:43 Feudal Age
16:32 Castle Age
18:50 Gold Mining
22:12 Double-Bit Axe
27:11 Imperial Age
26:51 Bow Saw
29:06 Padded Archer Armor
30:18 Wheelbarrow
31:41 Leather Archer Armor
32:23 Horse Collar
33:51 Ring Archer Armor
LGN.Chelito_SM
5:57 Loom
9:03 Feudal Age
9:37 Double-Bit Axe
14:49 Horse Collar
15:59 Fletching
19:03 Town Watch
20:06 Town Watch
24:41 Castle Age
23:08 Gold Mining
25:45 Bodkin Arrow
26:03 Bow Saw
31:13 Imperial Age
28:53 Padded Archer Armor
29:34 Heavy Plow
31:13 Leather Archer Armor
31:32 Stone Mining
31:17 Elite Skirmisher
32:34 Ring Archer Armor
Connection lost

Rejoining the realm…

Still unreachable

The connection could not be restored.

Session expired

The server has moved on; the page needs a fresh start.